 Dungeon Crawl Stone Soup version 0.17-a0-1632-g0af21bd (webtiles) character file.

2438 urechis the Grappler (level 9, -1/92 HPs)
             Began as a Troll Monk on Aug 3, 2015.
             Killed from afar by an electric eel (11 damage)
             ... with a bolt of electricity
             ... on level 8 of the Dungeon.
             The game lasted 00:09:31 (5914 turns).

urechis the Grappler (Troll Monk)                   Turns: 5914, Time: 00:09:34

Health: -1/92      AC:  6    Str: 21    XL:     9   Next: 25%
Magic:  8/8        EV: 11    Int:  6    God:
Gold:   305        SH:  0    Dex: 18    Spells: 0 memorised, 8 levels left

rFire  + . .     SeeInvis .       - Unarmed
rCold  + . .     Clarity  .     D - +1 robe {rC+ rF+}
rNeg   . . .     SustAt   .     (no shield)
rPois  +         Gourm    +     (helmet restricted)
rElec  .         Spirit   .     (no cloak)
rCorr  .         Warding  .     (gloves unavailable)
rMut   .         Stasis   .     (boots unavailable)
MR     .....                    (no amulet)
Stlth  ++........               w - +3 ring of dexterity
                                I - ring of poison resistance

@: not resistant to hostile enchantments, unstealthy
A: unfitting armour, claws 3, fast metabolism 3, gourmand, regeneration 2,
shaggy fur 1, tough skin 2
a: no special abilities


You were on level 8 of the Dungeon.
You were not hungry.

You visited 2 branches of the dungeon, and saw 9 of its levels.

You collected 305 gold pieces.

Inventory:

Missiles
 a - a throwing net (quivered)
 r - 5 needles of sleeping
 z - 29 poisoned needles
Armour
 D - a +1 robe of resistance (worn)
Jewellery
 w - a +3 ring of dexterity (right claw)
 I - a ring of poison resistance (left claw)
Magical devices
 x - a wand of digging (11)
Scrolls
 g - 5 scrolls of identify {unknown}
 h - a scroll of blinking {unknown}
 i - 5 scrolls of amnesia {unknown}
 j - a scroll of magic mapping {unknown}
 m - a scroll of random uselessness {unknown}
 o - 7 scrolls of remove curse {unknown}
 u - a scroll of fog {unknown}
 y - a scroll of fear {unknown}
 A - 3 scrolls of teleportation {unknown}
 C - 2 scrolls of enchant weapon {unknown}
 F - a scroll of vulnerability {unknown}
 H - a scroll of recharging {unknown}
Potions
 c - a potion of curing {unknown}
 d - 3 potions of cancellation {unknown}
 e - 2 potions of lignification {unknown}
 f - 2 potions of magic {unknown}
 n - 2 potions of brilliance {unknown}
 p - 3 potions of heal wounds {unknown}
 s - a potion of mutation {unknown}
 v - a potion of degeneration {unknown}
 E - a potion of haste {unknown}
 G - a potion of flight {unknown}
Books
 t - a book of Frost

   Spells                             Type                      Level
   a - Freeze                         Ice                          1
   b - Throw Frost                    Conjuration/Ice              2
   c - Ozocubu's Armour               Charms/Ice                   3
   d - Throw Icicle                   Conjuration/Ice              4
   e - Summon Ice Beast               Ice/Summoning                4
   f - Condensation Shield            Ice                          4
Comestibles
 b - 11 bread rations
 k - a royal jelly
 l - 6 meat rations
 q - 2 slices of pizza
 B - a fruit


   Skills:
 + Level 6.4 Fighting
 - Level 2.4 Dodging
 - Level 1.1 Stealth
 * Level 11.0 Unarmed Combat


You had 8 spell levels left.
You didn't know any spells.

Dungeon Overview and Level Annotations

Branches:
Dungeon (8/15)             Temple (1/1) D:4
   Lair: D:8-11

Altars:
Ashenzari
Cheibriados
Dithmenos
Elyvilon
Fedhas
Gozag
Kikubaaqudgha
Makhleb
Nemelex Xobeh
Qazlal
Ru
Sif Muna
Trog
Vehumet
Xom
Yredelemnul
Zin
The Shining One

Annotations:
D:8 Prince Ribbit


Innate Abilities, Weirdness & Mutations

You are too large for most types of armour.
You have claws for hands.
Your metabolism is lightning-fast.
You like to eat raw meat.
You heal very quickly.
You are covered in fur (AC +1).
You have very tough skin (AC +2).


Message History

Eat a chunk of flesh? (ye/n/q/i?) This raw flesh tastes great.
The electric eel shoots out a bolt of lightning at you!
The bolt of electricity hits the electric eel.
The electric eel completely resists.
The bolt of electricity hits you! The bolt of electricity hits you!
You continue eating.
The electric eel shoots out a bolt of lightning at you!
The bolt of electricity hits you! x2
You continue eating.
The electric eel shoots out a bolt of lightning at you!
The bolt of electricity hits the electric eel.
The electric eel completely resists.
The bolt of electricity hits you! The bolt of electricity hits you!
* * * LOW HITPOINT WARNING * * *
The electric eel shoots out a bolt of lightning at you!
The bolt of electricity hits you!
* * * LOW HITPOINT WARNING * * *
The bolt of electricity hits you!
You die...

P≈≈≈≈≈P≈ #.##..###.#
≈≈≈≈♣≈≈P≈ ♣.........#
≈≈≈PP≈P≈≈♣♣.##..#####
≈≈≈≈≈≈♣≈P≈♣.##..#
≈≈≈;PP≈≈♣P......#
≈≈;≈ ♣P...###.#
≈≈♣♣♣...# #.#
♣≈≈##..###.###.
♣.@##.>........
#'####.########
#.####.####.########
....................#
#####################


You could see 2 electric eels.

Vanquished Creatures
  An orc warrior (D:6)
  A necrophage (D:8)
  A phantom (D:5)
  2 sky beasts
  5 ogres
  A centaur (D:6)
  A crocodile (D:8)
  4 giant frogs
  An electric eel (D:8)
  2 giant frog zombies
  A centaur skeleton (D:7)
  A crimson imp (D:5)
  2 orc priests
  8 hounds
  A jelly (D:6)
  2 giant frog skeletons
  6 worker ants
  2 iguanas
  4 orc wizards
  A killer bee zombie (D:6)
  A hound zombie (D:8)
  A hound skeleton (D:4)
  7 gnolls
  8 adders
  2 shadow imps
  2 adder skeletons
  4 worms
  6 giant geckos
  15 orcs
  2 ball pythons
  5 bats
  4 giant cockroaches
  2 hobgoblins
  6 jackals
  A ball python skeleton (D:4)
  A giant gecko zombie (D:5)
  4 giant newts
  6 goblins
  2 jackal skeletons
  7 kobolds
  5 quokkas
  A quokka skeleton (D:5)
  A quokka zombie (D:6)
  4 rats
144 creatures vanquished.

Vanquished Creatures (others)
  A plant (D:8)
1 creature vanquished.

Grand Total: 145 creatures vanquished

Notes
Turn   | Place    | Note
--------------------------------------------------------------
     0 | D:1      | urechis the Troll Monk began the quest for the Orb.
     0 | D:1      | Reached XP level 1. HP: 22/22 MP: 0/0
   201 | D:1      | Reached XP level 2. HP: 23/29 MP: 1/1
   805 | D:2      | Reached XP level 3. HP: 19/36 MP: 2/2
   883 | D:2      | Reached skill level 5 in Unarmed Combat
   967 | D:2      | Reached XP level 4. HP: 45/45 MP: 3/3
  1132 | D:2      | Found a bloodstained altar of Trog.
  1133 | D:2      | Found an opulent altar of Gozag.
  1137 | D:2      | Found a sacrificial altar of Ru.
  1509 | D:3      | Reached XP level 5. HP: 42/53 MP: 4/4
  1577 | D:3      | Found a burning altar of Makhleb.
  1846 | D:4      | Reached skill level 6 in Unarmed Combat
  1955 | D:4      | Reached XP level 6. HP: 58/62 MP: 5/5
  1996 | D:4      | Found a shattered altar of Ashenzari.
  2129 | D:4      | Reached skill level 7 in Unarmed Combat
  2223 | D:4      | Found a staircase to the Ecumenical Temple.
  2405 | Temple   | Entered the Ecumenical Temple
  2653 | D:5      | Entered Level 5 of the Dungeon
  2730 | D:5      | Reached XP level 7. HP: 53/70 MP: 6/6
  3090 | D:5      | Reached skill level 8 in Unarmed Combat
  3868 | D:6      | Reached XP level 8. HP: 74/79 MP: 7/7
  3956 | D:6      | Reached skill level 5 in Fighting
  3987 | D:6      | Reached skill level 9 in Unarmed Combat
  4374 | D:6      | Found a glowing silver altar of Zin.
  4856 | D:7      | Reached skill level 10 in Unarmed Combat
  4900 | D:7      | Found a blossoming altar of Fedhas.
  5268 | D:7      | Reached XP level 9. HP: 77/89 MP: 8/8
  5777 | D:8      | Noticed Prince Ribbit
  5909 | D:8      | Reached skill level 11 in Unarmed Combat
  5914 | D:8      | Killed from afar by an electric eel

Vault maps used:
D:1:      tarquinn_simple_flora_water_f, minmay_ruptured
D:2:      grunt_temple_overflow_open, first_bread
D:3:      grunt_ministairs_1, makhleb_blood_cavern_becter
D:4:      ashenzari_altar_1, minmay_temple_entry_mist
D:6:      old_standard_altar, lightli_orcish_oven
D:7:      nicolae_overflow_crystal_walls, minmay_misc_feat_rows
D:8:      serial_bayou, serial_bayou_pond_e, serial_bayou_shore_a,
          serial_bayou_pond_c, serial_bayou_lagoon_b, serial_bayou_lake_a,
          special_room, serial_shops, shop, hangedman_decor_push, uniq_erica,
          uniq_prince_ribbit1
Temple:   minmay_freezing_vapour_temple_12

Action                   |  1- 3 |  4- 6 |  7- 9 || total
-------------------------+-------+-------+-------++-------
Melee: Unarmed           |    84 |   137 |   227 ||   448
 Stab: Sleeping          |       |     3 |     8 ||    11
  Eat: Chunk             |    10 |    15 |    29 ||    54
       Fruit             |       |       |     1 ||     1
